[Event "*** Titled Tuesday Blitz"]
[Site "Chess.com"]
[Date "2021.04.27"]
[Round "4"]
[White "harlem4brew"]
[Black "SF-96"]
[Result "1-0"]
[WhiteElo "2395"]
[BlackElo "2591"]
[TimeControl "180+1"]
[EndTime "10:39:10 PDT"]
[Termination "harlem4brew won by resignation"]

1. e4 e5 2. Nf3 Nc6 3. d4 exd4 4. Nxd4 Bc5 5. Be3 Qf6 6. c3 Nge7 7. Bc4 O-O 8. O-O Bb6 9. a4 a6 10. Nxc6 Qxc6 11. Bxb6 Qxc4 12. Nd2 Qc6 13. Bd4 d5 14. exd5 Nxd5 15. Nf3 Bg4 16. Ne5 Bxd1 17. Nxc6 Bb3 18. Na5 Bc2 19. Nxb7 Rfb8 20. Nc5 Rxb2 21. Rfc1 Nf4 22. Re1 Bf5 23. Nxa6 Ne2+ 24. Rxe2 Rxe2 25. Nxc7 Rc8 26. Nd5 Rce8 27. Ne3 Bd3 28. g3 f5 29. a5 g5 30. a6 f4 31. a7 Ra8 32. Nd5 Be4 33. Nf6+ Kf7 34. Nxe4 Rxe4 35. gxf4 gxf4 36. Kg2 Ke6 37. Kf3 Kd5 38. Ra5+ 1-0

[Event "*** Titled Tuesday Blitz"]
[Site "Chess.com"]
[Date "2021.04.27"]
[Round "4"]
[White "TigrVShlyape"]
[Black "Susal_De_Silva"]
[Result "0-1"]
[WhiteElo "2823"]
[BlackElo "2632"]
[TimeControl "180+1"]
[EndTime "10:39:11 PDT"]
[Termination "Susal_De_Silva won on time"]

1. e4 e5 2. Nf3 Nc6 3. Bb5 a6 4. Ba4 Nf6 5. O-O Be7 6. Re1 b5 7. Bb3 d6 8. c3 O-O 9. d4 Bg4 10. d5 Na5 11. Bc2 c5 12. Nbd2 Bh5 13. b3 Rb8 14. Nf1 Nb7 15. Ng3 Bg6 16. b4 a5 17.
a3 Qc7 18. Nh4 Rfc8 19. Nxg6 hxg6 20. Bd3 c4 21. Be2 Nd8 22. h4 Nd7 23. h5 gxh5 24.
Bxh5 g6 25. Bg4 Ra8 26. Be3 Rcb8 27. Qd2 Bf6 28. Nf1 Bg7 29. Nh2 Nf6 30. Bf3 Qd7 31. g3 Nh7 32. Kg2 f6 33. Rh1 Nf7 34. Be2 f5 35. f3 Rf8 36. Nf1 f4 37. Bf2 Nfg5 38. Nh2 Qh3+ 39. Kg1 fxg3 0-1

[Event "*** Titled Tuesday Blitz"]
[Site "Chess.com"]
[Date "2021.04.27"]
[Round "4"]
[White "Alex_Terzi"]
[Black "OlifantCZ"]
[Result "1-0"]
[WhiteElo "2450"]
[BlackElo "2258"]
[TimeControl "180+1"]
[EndTime "10:39:11 PDT"]
[Termination "Alex_Terzi won by resignation"]

1. e4 e6 2. d4 d5 3. Bd3 dxe4 4.
Bxe4 Nf6 5. Bf3 Nbd7 6. Ne2 c5 7. Be3 Be7 8. O-O O-O 9. c4 cxd4 10. Nxd4 Ne5 11.
Be2 a6 12. Nc3 Qc7 13. Qb3 Bd7 14. Rfd1 Nc6 15. Bf3 Nxd4 16. Bxd4 Bc6 17. Bxc6 Qxc6 18. Qa4 Qc7 19. Rac1 Rfd8 20. h3 Rd7 21. Be3 Rad8 22. Rxd7 Rxd7 23. Rd1 Rxd1+ 24. Nxd1 Ne4 25. Qe8+ Bf8 26.
b3 Qe7 27. Qc8 h6 28. f3 Nd6 29.
Qb8 Qe8 30. Qxe8 Nxe8 31. Nc3 f6 32. Kf2 Kf7 33. Ke2 e5 34. Ne4 Ke6 35. Nc5+ Bxc5 36. Bxc5 g5 37. g4 f5 38. Bf8 e4 39. fxe4 fxe4 40.
Ke3 Kf7 41. Bxh6 Kg6 42. Bf8 Nf6 43. Be7 Nd7 44. Kxe4 1-0

[Event "*** Titled Tuesday Blitz"]
[Site "Chess.com"]
[Date "2021.04.27"]
[Round "4"]
[White "Romadk"]
[Black "WisdomGame"]
[Result "0-1"]
[WhiteElo "2325"]
[BlackElo "2126"]
[TimeControl "180+1"]
[EndTime "10:39:11 PDT"]
[Termination "WisdomGame won by resignation"]

1. d4 Nf6 2. Nf3 e6 3. g3 d5 4.
Bg2 Be7 5. c4 O-O 6. Nc3 Nbd7 7.
Qd3 b6 8. b3 Ba6 9. Bb2 c5 10. O-O cxd4 11. Nxd4 Nc5 12. Qc2 dxc4 13. Bxa8 Qxa8 14. bxc4 Bxc4 15. f3 Rc8 16. Qd2 Rd8 17. Qe3 Na6 18. Nd1 Bc5 19. Nf2 Nb4 20. Rad1 Nc2 21. Qf4 Nd5 22. Qg4 Nce3 23. Qh4 Be7 24. Qh5 Nxf1 25. Rxf1 Nf6 26. Qg5 Qd5 27. Qc1 Bc5 28.
e3 Bxf1 29. Qxf1 Qxa2 30. Nd3 Nd5 31. Bc1 Nxe3 32. Bxe3 Bxd4 33. Bxd4 Rxd4 34. Nf4 Qc2 35. Ng2 Rd1 36. Ne1 Qd2 37. Nd3 Rxf1+ 38. Kxf1 Qxd3+ 0-1

[Event "*** Titled Tuesday Blitz"]
[Site "Chess.com"]
[Date "2021.04.27"]
[Round "4"]
[White "tdf98pantani"]
[Black "KuzubovYuriy"]
[Result "1-0"]
[WhiteElo "2721"]
[BlackElo "2860"]
[TimeControl "180+1"]
[EndTime "10:39:14 PDT"]
[Termination "tdf98pantani won by resignation"]

1. e4 c5 2. Nf3 d6 3. d4 cxd4 4.
Nxd4 Nf6 5. Nc3 a6 6. Be3 e6 7. f3 b5 8. Qd2 Bb7 9. a3 h5 10. Qf2 Nbd7 11. Bd3 Rc8 12. Nce2 Nc5 13. O-O Be7 14. b4 Na4 15. Nb3 O-O 16. Na5 Ba8 17.
Nd4 g6 18. c4 d5 19. cxd5 exd5 20. e5 Nd7 21. f4 Rc3 22. Rfd1 Re8 23. e6 Nf8 24. exf7+ Kxf7 25. f5 g5 26. Ne6 Nxe6 27. fxe6+ Kxe6 28. Bd4 Kd7 29. Qf5+ Kc7 30. Bxc3 Nxc3 31.
Qe5+ Kb6 32. Qxc3 d4 33. Qb3 Bd6 34. Re1 Bxh2+ 35. Kxh2 Qd6+ 36. g3 h4 37. Bf5 Re3 38. Rxe3 dxe3 39. Qxe3+ Kc7 40. Qc5+ Qxc5 41. bxc5 1-0

[Event "*** Titled Tuesday Blitz"]
[Site "Chess.com"]
[Date "2021.04.27"]
[Round "4"]
[White "GelmanAlexander"]
[Black "Matols"]
[Result "1-0"]
[WhiteElo "2601"]
[BlackElo "2262"]
[TimeControl "180+1"]
[EndTime "10:39:14 PDT"]
[Termination "GelmanAlexander won on time"]

1. d4 Nf6 2. Nc3 d5 3. Bf4 e6 4. Nb5 Na6 5. e3 Be7 6. g4 c6 7. Nc3 Nc7 8. g5 Ne4 9. Nxe4 dxe4 10. h4 Nd5 11. Bg3 Qb6 12. Bg2 Qxb2 13. Ne2 Bb4+ 14. Kf1 Qa3 15. Bxe4 Bd7 16. Rb1 a5 17. Rb3 Qxa2 18.
c3 Be7 19. Rxb7 a4 20. Bd3 a3 21. e4 Bc8 22. Rb3 Qxb3 23. Qxb3 a2 24. Kg2 a1=Q 25. Rxa1 Rxa1 26. exd5 exd5 27. Qb6 O-O 28. Qxc6 Bg4 29. Qxd5 Rfa8 30. Nf4 1-0

[Event "*** Titled Tuesday Blitz"]
[Site "Chess.com"]
[Date "2021.04.27"]
[Round "4"]
[White "VinzentSpitzl"]
[Black "nss13"]
[Result "1/2-1/2"]
[WhiteElo "2409"]
[BlackElo "2543"]
[TimeControl "180+1"]
[EndTime "10:39:14 PDT"]
[Termination "Game drawn by repetition"]

1. f4 d5 2. Nf3 Nf6 3. g3 c5 4. Bg2 Nc6 5. O-O g6 6. d3 Bg7 7. Nbd2 d4 8. e4 dxe3 9. Nc4 O-O 10. Bxe3 Nd7 11. Qe2 Qc7 12. c3 b6 13. Rae1 Bb7 14.
f5 gxf5 15. Bf4 Qd8 16. Ng5 b5 17. Ne3 e6 18. g4 e5 19. Nxf5 exf4 20. Bxc6 Bxc6 21.
Ne7+ Kh8 22. Nxh7 Kxh7 23. Qf2 Bf6 24. Nxc6 Qb6 25. Ne7 c4 26. d4 Rfe8 27. Nd5 Qd6 28. Nxf4 Bg5 29. Nh3 Bf6 30. g5 Bg7 31. Qxf7 Rxe1 32.
Qh5+ Kg8 33. Qf7+ Kh7 34. Qh5+ Kg8 35. Qf7+ Kh7 1/2-1/2

[Event "*** Titled Tuesday Blitz"]
[Site "Chess.com"]
[Date "2021.04.27"]
[Round "4"]
[White "MichailovM"]
[Black "Mazanchenko_Dmitry"]
[Result "1-0"]
[WhiteElo "2456"]
[BlackElo "2271"]
[TimeControl "180+1"]
[EndTime "10:39:14 PDT"]
[Termination "MichailovM won on time"]

1. d4 g6 2. Nf3 Bg7 3. c4 d6 4.
Nc3 Bg4 5. Qb3 Bxf3 6. gxf3 b6 7. e3 e5 8. Ne2 Nc6 9. Qb5 Qd7 10. Bh3 f5 11. d5 Na5 12. Bd2 Nb7 13. Qxd7+ Kxd7 14. e4 Ne7 15. Rg1 Raf8 16. Ng3 Rhg8 17. Ke2 Ke8 18.
b4 Nd8 19. a4 fxe4 20. fxe4 Nf7 21. a5 Bh6 22. Bxh6 Nxh6 23. axb6 axb6 24. Ra7 Kf7 25.
Rxc7 Kf6 26. Be6 Rh8 27. Ra1 Rd8 28. Raa7 Rhe8 29. Rcb7 Rb8 30. Ke3 Rxb7 31. Rxb7 g5 32. Rxb6 Rd8 33. c5 g4 34. cxd6 1-0

[Event "*** Titled Tuesday Blitz"]
[Site "Chess.com"]
[Date "2021.04.27"]
[Round "4"]
[White "VladDobrov"]
[Black "nocnypako"]
[Result "1/2-1/2"]
[WhiteElo "2713"]
[BlackElo "2549"]
[TimeControl "180+1"]
[EndTime "10:39:15 PDT"]
[Termination "Game drawn - insufficient material"]

1. d4 Nf6 2. c4 g6 3. Nc3 d5 4. cxd5 Nxd5 5. e4 Nxc3 6. bxc3 Bg7 7. Nf3 c5 8. Rb1 Nc6 9. d5 Ne5 10. Nxe5 Bxe5 11. Qd2 e6 12. f4 Bc7 13. Bb5+ Bd7 14.
dxe6 Bxb5 15. Rxb5 fxe6 16. Rxb7 Qxd2+ 17. Bxd2 O-O-O 18. Rxa7 Kb8 19. Ra6 e5 20. Ke2 exf4 21. Rb1+ Kc8 22. Rc6 Rhe8 23. Rxc5 Rxe4+ 24. Kf3 Ra4 25. Rb2 Rd3+ 26.
Ke2 Rd7 27. c4 Kd8 28. Rd5 Rxc4 29. Rxd7+ Kxd7 30. Kd3 Rc6 31. a4 Ke6 32. a5 Kd5 33. Rb5+ Rc5 34. Rxc5+ Kxc5 35. Ke4 f3 36. gxf3 Bxh2 37.
Bh6 Kb5 38. Kd5 Kxa5 39. Ke6 Kb5 40. Kf7 Kc4 41. Kg7 Kd3 42. Kxh7 Ke2 43. Kxg6 Kxf3 1/2-1/2

[Event "*** Titled Tuesday Blitz"]
[Site "Chess.com"]
[Date "2021.04.27"]
[Round "4"]
[White "chesslh19"]
[Black "Trovita84"]
[Result "0-1"]
[WhiteElo "2269"]
[BlackElo "2151"]
[TimeControl "180+1"]
[EndTime "10:39:15 PDT"]
[Termination "Trovita84 won by resignation"]

1. e4 c6 2. d4 d5 3. Nd2 dxe4 4. Nxe4 Nd7 5. Ng5 Ngf6 6. Bd3 e6 7. N1f3 Be7 8. Qe2 O-O 9. Bd2 c5 10. O-O-O cxd4 11. Nxd4 Nc5 12. Bc3 Nxd3+ 13. Rxd3 Qb6 14. Nf5 exf5 15. Qxe7 h6 16. Nxf7 Be6 17. Nxh6+ Kh7 18. Rh3 f4 19. Bxf6 Rxf6 20. Ng4+ Kg6 21. Nxf6 gxf6 22.
Rh4 Qxf2 23. Qxe6 Qxh4 24. Qe2 Qg5 25. g3 f3+ 26. Qd2 Rd8 27. Qxg5+ Kxg5 28. Rf1 Kg4 29. c4 Rd4 30. b3 Rd3 31. Kc2 Re3 32. Kd2 Re2+ 33.
Kd3 Rxh2 34. b4 Kxg3 35. c5 Kg2 36. Rc1 f2 37. b5 Rh1 38. Rf1 Rxf1 0-1

[Event "*** Titled Tuesday Blitz"]
[Site "Chess.com"]
[Date "2021.04.27"]
[Round "4"]
[White "YaWaleriy"]
[Black "aljado"]
[Result "1-0"]
[WhiteElo "2264"]
[BlackElo "2036"]
[TimeControl "180+1"]
[EndTime "10:39:17 PDT"]
[Termination "YaWaleriy won on time"]

1. d4 d5 2. Nf3 Nf6 3. c4 c6 4.
Nc3 e6 5. e3 Nbd7 6. Qc2 Bd6 7.
Be2 O-O 8. b3 h6 9. O-O Re8 10.
Bb2 e5 11. cxd5 cxd5 12. dxe5 Nxe5 13. Nb5 Bb8 14. Rac1 Nxf3+ 15. Bxf3 Be6 16. g3 Qb6 17. Nd4 Bd6 18. Nf5 Bf8 19. Rfd1 Rac8 20. Qb1 Rxc1 21. Rxc1 Qa5 22. Nxh6+ gxh6 23. Bxf6 Rc8 24. Rxc8 Bxc8 25. Kg2 Qb6 26. Bd4 Qe6 27. Qc2 Qh3+ 28. Kg1 Bf5 29. Qc7 Bd3 30. Bg2 Qg4 31. h3 Qd1+ 32. Kh2 Bg7 33.
Qd8+ Kh7 34. Qxd5 Bg6 35. Qxb7 Qe2 36. Bxg7 1-0

[Event "*** Titled Tuesday Blitz"]
[Site "Chess.com"]
[Date "2021.04.27"]
[Round "4"]
[White "MITerryble"]
[Black "Nozdrachev_Vladislav"]
[Result "1-0"]
[WhiteElo "2892"]
[BlackElo "2710"]
[TimeControl "180+1"]
[EndTime "10:39:18 PDT"]
[Termination "MITerryble won by resignation"]

1. e4 e5 2. Nf3 Nc6 3. c3 Nf6 4.
d4 exd4 5. e5 Ne4 6. Qe2 Nc5 7. cxd4 Ne6 8. d5 Ncd4 9. Nxd4 Nxd4 10. Qe4 Bb4+ 11. Nc3 c5 12. d6 O-O 13. Bd3 f5 14.
Qd5+ Kh8 15. a3 Qa5 16. Bd2 Ne6 17. O-O Bxc3 18. Bxc3 Qd8 19. b4 cxb4 20. axb4 a6 21. b5 a5 22. Rfb1 Nf4 23. Qf3 Nxd3 24. Qxd3 b6 25.
Rc1 Bb7 26. Bd4 f4 27. Rc7 Bd5 28. Bxb6 Be6 29. f3 a4 30. Bd4 Qg5 31. b6 a3 32.
b7 Rab8 33. Rxa3 h6 34. Rac3 Bh3 35. Qe2 Kh7 36. Ba7 Rfe8 37. R3c5 Bf5 38. Bxb8 Rxb8 39. Qb2 Qg6 40. Rc8 1-0

[Event "*** Titled Tuesday Blitz"]
[Site "Chess.com"]
[Date "2021.04.27"]
[Round "4"]
[White "Ze-Pequeno"]
[Black "Matensien"]
[Result "1-0"]
[WhiteElo "2214"]
[BlackElo "2341"]
[TimeControl "180+1"]
[EndTime "10:39:18 PDT"]
[Termination "Ze-Pequeno won by resignation"]

1. e4 c5 2. Nf3 e6 3. d4 cxd4 4.
Nxd4 a6 5. Bd3 Ne7 6. O-O Nbc6 7. Nb3 g6 8. Nc3 Bg7 9. Bf4 Ne5 10. Be2 f5 11.
Qd6 Nf7 12. Qd2 O-O 13. Rad1 fxe4 14. Nxe4 d5 15. Ng5 Nxg5 16. Bxg5 Qc7 17. c3 Nc6 18.
Bg4 Ne5 19. Bh3 Nc4 20. Qe2 Qb6 21. Rfe1 Kh8 22. Bh4 Re8 23. Rb1 a5 24. Red1 Bd7 25. Nd4 Rad8 26. Bxd8 Rxd8 27. b3 Na3 28. Rbc1 Rf8 29.
Re1 Bc8 30. Nf3 e5 31. Bxc8 Rxc8 32. Nxe5 Re8 33. Qf3 Rxe5 34. Rxe5 1-0

[Event "*** Titled Tuesday Blitz"]
[Site "Chess.com"]
[Date "2021.04.27"]
[Round "4"]
[White "Zipa5"]
[Black "miredenizdogan"]
[Result "0-1"]
[WhiteElo "1849"]
[BlackElo "2238"]
[TimeControl "180+1"]
[EndTime "10:39:19 PDT"]
[Termination "miredenizdogan won on time"]

1. Nf3 d5 2. c4 e6 3. e3 Nf6 4.
Nc3 Be7 5. Be2 O-O 6. O-O c5 7. cxd5 exd5 8. d4 b6 9. dxc5 bxc5 10. b3 Nc6 11. Bb2 Be6 12. Rc1 Qa5 13. Na4 Rfd8 14. Bc3 Qc7 15. Bxf6 Bxf6 16. Rxc5 Qd6 17. Qc1 Ne5 18.
Nd4 Ng4 19. Bxg4 Bxg4 20. f3 Bh5 21. Nf5 Qe5 22. Ng3 Bg6 23. Rd1 Qe6 24. Nc3 d4 25. Nce4 dxe3 26. Nxf6+ gxf6 27. Re1 Rd2 28. Rc3 Bd3 29.
a4 Rd8 30. Nf1 Bxf1 0-1

[Event "*** Titled Tuesday Blitz"]
[Site "Chess.com"]
[Date "2021.04.27"]
[Round "4"]
[White "Pelopidass"]
[Black "chessdjw"]
[Result "0-1"]
[WhiteElo "2548"]
[BlackElo "2735"]
[TimeControl "180+1"]
[EndTime "10:39:21 PDT"]
[Termination "chessdjw won by resignation"]

1. d4 Nf6 2. Nf3 d5 3. c4 e6 4. e3 a6 5. b3 c5 6. Nbd2 Nc6 7. Bb2 cxd4 8. exd4 Be7 9. Bd3 O-O 10. O-O b6 11.
Rc1 Bb7 12. Re1 dxc4 13. bxc4 Rc8 14. Qe2 Re8 15. a3 Bf8 16. Bb1 g6 17. Ne4 Bg7 18. Neg5 Na5 19. Ne5 Rc7 20. h4 Nc6 21. Rcd1 Nxe5 22.
dxe5 Nd7 23. Qe3 Qa8 24. Qf4 Nc5 25. f3 Rd8 26. h5 Rcd7 27. Rxd7 Rxd7 28. Nxh7 Kxh7 29.
hxg6+ fxg6 30. Qh4+ Bh6 31. Qh5 Nd3 32. Qg4 Qe8 33. Rd1 Be3+ 34. Kf1 Nxe5 35. Rxd7+ Qxd7 36. Bxg6+ Nxg6 37. Qh5+ Bh6 38. f4 Qd3+ 39. Kg1 Qe3+ 40. Kh2 Qxf4+ 0-1

[Event "*** Titled Tuesday Blitz"]
[Site "Chess.com"]
[Date "2021.04.27"]
[Round "4"]
[White "aa175"]
[Black "FeketeBarika"]
[Result "0-1"]
[WhiteElo "2424"]
[BlackElo "2260"]
[TimeControl "180+1"]
[EndTime "10:39:22 PDT"]
[Termination "FeketeBarika won on time"]

1. d4 Nf6 2. Bf4 e6 3. e3 c5 4. Nf3 b6 5. Nbd2 Bb7 6. Nc4 d6 7. c3 Be7 8. Bd3 cxd4 9. exd4 b5 10. Ne3 a6 11. a4 Qb6 12. axb5 axb5 13. Rxa8 Bxa8 14.
Qb3 Bc6 15. Nc4 Qc7 16. Na3 O-O 17. Bxb5 Bxf3 18. gxf3 Qb7 19. Qd1 Nh5 20. Be3 d5 21. Bd3 Qxb2 22. Nb5 Nc6 23. Rg1 Rb8 24. f4 Nf6 25. Bc1 Qa2 26. f5 exf5 27. Qd2 Qxd2+ 28. Bxd2 Ne4 29. f3 Nxd2 30. Kxd2 g6 31. Nc7 Rd8 32. Bxf5 Bd6 33. Nb5 Bxh2 34. Rg2 Bf4+ 35. Kc2 Ra8 36.
Bd3 Ra2+ 37. Kb3 Rxg2 38. Nc7 Bc1 39. Nxd5 Rb2+ 40. Kc4 Na5+ 41. Kc5 Rd2 42. Bb5 Rf2 43. Kb6 Nb3 44. Bc6 Kg7 45. Nc7 Bf4 46. Ne8+ Kf8 47. Nf6 h5 48. d5 h4 49. Nd7+ Kg7 50. c4 Rxf3 51. d6 Rd3 52. c5 h3 53. Be4 Rd4 54. Bf3 Nxc5 55. Nxc5 Rxd6+ 0-1

[Event "*** Titled Tuesday Blitz"]
[Site "Chess.com"]
[Date "2021.04.27"]
[Round "4"]
[White "RamyresCoelho"]
[Black "MFBerna"]
[Result "0-1"]
[WhiteElo "2198"]
[BlackElo "2454"]
[TimeControl "180+1"]
[EndTime "10:39:23 PDT"]
[Termination "MFBerna won on time"]

1. e4 e5 2. Nf3 Nc6 3. d4 exd4 4. Bc4 Nf6 5. e5 d5 6. Bb5 Ne4 7. Nxd4 Bd7 8. Bxc6 bxc6 9. O-O Bc5 10. f3 Ng5 11. f4 Ne4 12. Nc3 O-O 13. Be3 Qe7 14.
Nxe4 dxe4 15. Qe2 f6 16. exf6 Qxf6 17. c3 Bd6 18. Nb3 Qg6 19. Kh1 Bg4 20. Qc4+ Kh8 21. Qxc6 Qh5 22. Qxe4 Rae8 23. Qd4 Be7 24. Qe5 Bf5 25.
Qd4 Bf6 26. Qd2 Rd8 27. Qf2 Bh4 28. Qf3 Bg4 29. Qc6 Rfe8 30. Bd4 Bg3 31. Bg1 Rd6 32. Qc5 Qh4 33. Qb5 c6 34. Qc4 Rh6 0-1

[Event "*** Titled Tuesday Blitz"]
[Site "Chess.com"]
[Date "2021.04.27"]
[Round "4"]
[White "laboratorio25"]
[Black "sokidze"]
[Result "1-0"]
[WhiteElo "2537"]
[BlackElo "2691"]
[TimeControl "180+1"]
[EndTime "10:39:24 PDT"]
[Termination "laboratorio25 won on time"]

1. e4 c5 2. Nf3 Nc6 3. d4 cxd4 4.
Nxd4 g6 5. c4 Nf6 6. Nc3 d6 7. Be2 Nxd4 8. Qxd4 Bg7 9. Be3 O-O 10.
Qd2 a5 11. f3 a4 12. O-O Qa5 13. Rac1 Be6 14. Rfd1 Rfc8 15. b3 axb3 16. axb3 Qb4 17.
Nd5 Nxd5 18. exd5 Qxd2 19. Rxd2 Bd7 20. Kf2 Ra3 21. Bd1 b5 22. c5 dxc5 23. Rxc5 Raa8 24.
Rxc8+ Rxc8 25. Rc2 Rxc2+ 26. Bxc2 Be5 27. f4 Bd6 28. Bd3 Kf8 29. h4 h5 30. g3 Ke8 31.
Bd4 Kd8 32. Ke3 Kc7 33. Be5 Kb6 34. Bxd6 exd6 35. f5 gxf5 36. b4 Kc7 37. Kf4 f6 38.
Bxf5 Be8 39. Be4 Kd8 40. Kf5 Ke7 41. Bf3 Bf7 42. Be2 Bxd5 43. Bxb5 Bf7 44. Be2 Be8 45. b5 d5 46. b6 Kd6 47. Kxf6 d4 48. Kg5 Kc6 49.
Bb5+ Kxb5 50. b7 1-0

[Event "*** Titled Tuesday Blitz"]
[Site "Chess.com"]
[Date "2021.04.27"]
[Round "4"]
[White "biostatistician"]
[Black "dretch"]
[Result "0-1"]
[WhiteElo "2531"]
[BlackElo "2811"]
[TimeControl "180+1"]
[EndTime "10:39:25 PDT"]
[Termination "dretch won by resignation"]

1. d4 d5 2. Nf3 Nf6 3. c4 c6 4.
cxd5 cxd5 5. Nc3 Nc6 6. Bf4 Nh5 7. Be5 e6 8. e3 Nxe5 9. Nxe5 Nf6 10. Bb5+ Bd7 11.
Qa4 a6 12. Bxd7+ Nxd7 13. Qxd7+ Qxd7 14. Nxd7 Kxd7 15. Kd2 Bb4 16. Rhc1 Rac8 17. Rc2 Rc4 18. Rac1 b5 19. a3 Ba5 20. b3 Rc6 21. Kd3 Rhc8 22.
Ne2 Rxc2 23. Rxc2 Bc7 24. h3 Rb8 25. Nc1 a5 26. Kc3 Bd6 27. Kb2 h5 28. Nd3 f6 29.
Nc5+ Ke7 30. Kc3 Bxc5 31. dxc5 Kd7 32. Kd4 Kc6 33. f4 b4 34. a4 Re8 35. e4 e5+ 36.
fxe5 Rxe5 37. Re2 Rxe4+ 38. Rxe4 dxe4 39. g4 hxg4 40. hxg4 e3 41. Kxe3 Kxc5 42. Ke4 g6 43. g5 fxg5 44. Ke5 g4 45. Kf4 Kd4 46. Kxg4 Kc3 0-1

[Event "*** Titled Tuesday Blitz"]
[Site "Chess.com"]
[Date "2021.04.27"]
[Round "4"]
[White "Sanan_Sjugirov"]
[Black "Sergey85Rodchenkov"]
[Result "1-0"]
[WhiteElo "2973"]
[BlackElo "2516"]
[TimeControl "180+1"]
[EndTime "10:39:25 PDT"]
[Termination "Sanan_Sjugirov won by resignation"]

1. d4 Nf6 2. Nf3 b6 3. Bg5 Bb7 4. Nbd2 e6 5. e3 Be7 6. Bd3 d5 7. Qe2 O-O 8. Ne5 c5 9. c3 Nc6 10. f4 Rc8 11. O-O Ne4 12. Bxe7 Nxe7 13. Rad1 f6 14.
Nef3 f5 15. Ne5 c4 16. Bc2 b5 17. a3 Ng6 18. Ndf3 Nxe5 19. Nxe5 a5 20. g4 Kh8 21. Kh1 g6 22. Rg1 Rc7 23. gxf5 exf5 24. Bxe4 dxe4 25. Rg5 Bd5 26. Rdg1 Rg7 27. h4 Rfg8 28. Qh2 Qe7 29. h5 gxh5 30. Qxh5 Rxg5 31. Rxg5 Rxg5 32. fxg5 Kg8 33.
Kg1 b4 34. axb4 axb4 35. g6 hxg6 36. Qxg6+ Kh8 37. Qxf5 Qg7+ 38. Kf2 bxc3 39. Ng6+ Kg8 40. Qxd5+ Kh7 41. Qh5+ Kg8 42. bxc3 1-0

[Event "*** Titled Tuesday Blitz"]
[Site "Chess.com"]
[Date "2021.04.27"]
[Round "4"]
[White "DarkAlekhine"]
[Black "Das_Virus_2020"]
[Result "1-0"]
[WhiteElo "2686"]
[BlackElo "2513"]
[TimeControl "180+1"]
[EndTime "10:39:27 PDT"]
[Termination "DarkAlekhine won by resignation"]

1. e4 e6 2. d4 d5 3. Nd2 Nf6 4. e5 Nfd7 5. Bd3 c5 6. c3 Nc6 7. Ne2 cxd4 8. cxd4 f6 9. exf6 Nxf6 10. Nf3 Bd6 11. O-O O-O 12. h3 e5 13. dxe5 Nxe5 14. Nxe5 Bxe5 15. Bf4 Qd6 16. Bxe5 Qxe5 17. Bc2 Bf5 18.
Bxf5 Qxf5 19. Nd4 Qd7 20. Qb3 Rfe8 21. Rfe1 Rxe1+ 22. Rxe1 Re8 23. Rxe8+ Nxe8 24. Qg3 a6 25. Qb8 h6 26. b4 Kh7 27. Qe5 Nf6 28. f3 Qe8 29.
Qxe8 Nxe8 30. Kf2 Kg6 31. Ke3 Kf6 32. Nb3 Ke5 33. f4+ Kd6 34. Nc5 Kc6 35. Kd4 Nc7 36. Ke5 b6 37. Nd3 a5 38. a3 axb4 39. axb4 Na6 40. f5 Kb5 41. Kxd5 Nxb4+ 42. Nxb4 Kxb4 43. Ke6 Kc4 44. Kf7 b5 45. Kxg7 b4 46. f6 b3 47. f7 b2 48. f8=Q b1=Q 49. Qf4+ Kd5 50. Kxh6 Qb6+ 51. Kg5 Qd8+ 52. Kg4 Qg8+ 53. Qg5+ 1-0

[Event "*** Titled Tuesday Blitz"]
[Site "Chess.com"]
[Date "2021.04.27"]
[Round "4"]
[White "Leonid_Starozhilov"]
[Black "CrushingKings"]
[Result "0-1"]
[WhiteElo "2664"]
[BlackElo "2526"]
[TimeControl "180+1"]
[EndTime "10:39:27 PDT"]
[Termination "CrushingKings won on time"]

1. e4 g6 2. d4 Bg7 3. c4 c5 4. Nf3 Qa5+ 5. Nc3 d6 6. Be2 Bg4 7. dxc5 dxc5 8. O-O Nc6 9. Nd5 e6 10. Bd2 Qd8 11. Bc3 Kf8 12. Ne3 Bxf3 13. Bxf3 Bd4 14. e5 Nge7 15. Qe2 Kg7 16. Bxc6 Nxc6 17. Nc2 Qb6 18.
Bxd4 cxd4 19. b3 Rad8 20. Rad1 Qc5 21. Rfe1 a6 22. Rd3 b5 23. cxb5 axb5 24. h4 h5 25. Rg3 Rd5 26. Rg5 d3 27. Qf3 dxc2 28. Qf6+ Kg8 29.
Rxg6+ fxg6 30. Qxe6+ Kf8 31. Qf6+ Ke8 32. Qxh8+ Kd7 33.
e6+ Kc7 34. Qg7+ Ne7 35. Qf6 c1=Q 36. Rxc1 Qxc1+ 37. Kh2 Qc5 38. f3 Qd6+ 39. Kh3 Rf5 40. Qc3+ Nc6 41. a4 Qxe6 42. Qg7+ Rf7+ 0-1

[Event "*** Titled Tuesday Blitz"]
[Site "Chess.com"]
[Date "2021.04.27"]
[Round "4"]
[White "BahadirOzen"]
[Black "Grandmaster2B"]
[Result "1-0"]
[WhiteElo "2674"]
[BlackElo "2503"]
[TimeControl "180+1"]
[EndTime "10:39:27 PDT"]
[Termination "BahadirOzen won by resignation"]

1. g3 Nf6 2. Bg2 d5 3. Nf3 c6 4. O-O Bg4 5. d3 Nbd7 6. h3 Bh5 7. Qe1 e5 8. e4 dxe4 9. dxe4 Bc5 10. Nbd2 O-O 11. Nc4 Qc7 12. a4 Rfe8 13. b4 Bf8 14.
Nh4 c5 15. b5 Nb6 16. Ne3 Bg6 17. Nxg6 hxg6 18. a5 Nc8 19. Qe2 a6 20. b6 Qe7 21.
Ba3 Qe6 22. c4 Nd6 23. Nd5 Rac8 24. Rfd1 Nxd5 25. Rxd5 f6 26. Rad1 Nf7 27. h4 Red8 28. Kh2 Rxd5 29. Rxd5 Qc6 30. Bh3 Rd8 31. h5 g5 32. Bf5 Qa4 33. Qd3 Nd6 34. Be6+ Kh7 35. Bxc5 Qc6 36. Be3 Re8 37. Bg4 f5 38. Bxf5+ Nxf5 39. exf5 e4 40. Qd4 Be7 41. Qxe4 Qh6 42. f6+ Kh8 43.
fxe7 Qxh5+ 44. Kg2 g4 45. Rxh5+ 1-0

[Event "*** Titled Tuesday Blitz"]
[Site "Chess.com"]
[Date "2021.04.27"]
[Round "4"]
[White "Grandelicious"]
[Black "Ermito2020"]
[Result "1-0"]
[WhiteElo "2848"]
[BlackElo "2617"]
[TimeControl "180+1"]
[EndTime "10:39:28 PDT"]
[Termination "Grandelicious won on time"]

1. d4 Nf6 2. Nf3 g6 3. Nbd2 Bg7 4. e4 d6 5. Bb5+ c6 6. Bd3 O-O 7. O-O Nbd7 8. a4 a5 9. Re1 e5 10. dxe5 Nxe5 11. Nxe5 dxe5 12. Nc4 Bg4 13. f3 Be6 14. Be3 Nd7 15. Bf1 Qc7 16. Qd6 Qxd6 17. Nxd6 Rfb8 18. Red1 Bf8 19. Kf2 Be7 20. Bc4 Bxc4 21. Nxc4 Rd8 22. Rd3 Nc5 23. Rxd8+ Rxd8 24. Nxe5 Bf6 25. Nc4 b5 26. axb5 cxb5 27. Nxa5 Na4 28. Ra3 Nxb2 29. Nc6 Rd6 30. Bh6 Na4 31. e5 Rxc6 32. exf6 Rxf6 33. Rd3 1-0

[Event "*** Titled Tuesday Blitz"]
[Site "Chess.com"]
[Date "2021.04.27"]
[Round "4"]
[White "gross-aleks"]
[Black "A-Fier"]
[Result "0-1"]
[WhiteElo "2572"]
[BlackElo "2839"]
[TimeControl "180+1"]
[EndTime "10:39:28 PDT"]
[Termination "A-Fier won by resignation"]

1. c4 Nf6 2. Nf3 e6 3. g3 b6 4. Bg2 Bb7 5. O-O c5 6. d3 Be7 7. e4 d6 8. Nc3 Nbd7 9. a3 a6 10. b4 O-O 11. Rb1 Qc7 12. Bf4 Ne5 13. b5 a5 14. Ne1 Rad8 15. Nc2 Ng6 16. Bg5 h6 17. Bd2 d5 18. Qe2 dxc4 19. dxc4 Ne5 20. Rbd1 Rd7 21. Na4 Rfd8 22. Bf4 Rxd1 23. Rxd1 Rxd1+ 24. Qxd1 Nfd7 25. Qe2 Bf6 26. f3 Qd6 27. Bf1 g5 28. Be3 Ng6 29. Qd3 Qc7 30. Be2 h5 31. Ne1 h4 32.
Kg2 hxg3 33. hxg3 g4 34. fxg4 Nde5 35. Qc2 Qd6 36. Bf4 Nxf4+ 37. gxf4 Ng6 38. f5 Nf4+ 39.
Kf3 Nh3 40. Ng2 Ng5+ 41. Ke3 Qd4+ 42. Kf4 Qf2+ 0-1

[Event "*** Titled Tuesday Blitz"]
[Site "Chess.com"]
[Date "2021.04.27"]
[Round "4"]
[White "campomania3"]
[Black "korkmaz16"]
[Result "1-0"]
[WhiteElo "2241"]
[BlackElo "2414"]
[TimeControl "180+1"]
[EndTime "10:39:28 PDT"]
[Termination "campomania3 won by resignation"]

1. d4 d5 2. c4 e5 3. dxe5 d4 4. Nf3 Nc6 5. a3 Nge7 6. e4 Ng6 7. Bg5 Be7 8. Bxe7 Ngxe7 9. Nbd2 Bg4 10. h3 Bxf3 11.
Nxf3 Ng6 12. e6 fxe6 13. Bd3 e5 14. O-O O-O 15. b4 Qf6 16. c5 Nf4 17. Bc4+ Kh8 18. Kh2 Rad8 19. b5 Ne7 20. Ne1 d3 21. Nxd3 Neg6 22.
Qc2 Rd4 23. f3 Rfd8 24. Rad1 Qg5 25. g3 Nh5 26. Rg1 Qe3 27. Rgf1 c6 28. b6 axb6 29. cxb6 Qg5 30. Rg1 Qe7 31. a4 Qd6 32. Nf2 Rd2 33. Rxd2 Qxd2 34. Qxd2 Rxd2 35. Kg2 Rd4 36. Rd1 Rxc4 37.
Rd8+ 1-0